 Dungeon Sprint DCSS version 0.29.1-13-g9f3cf754e1 (webtiles) character file.

Game seed: 8911663444571971595

4706 Groucho the Unseen (level 10, -2/44 HPs)
             Began as a Spriggan Enchanter on Feb 5, 2023.
             Was a Follower of Dithmenos.
             Killed from afar by an ice dragon (45 damage)
             ... with a blast of cold
             ... in the Dungeon (Sprint II: "The Violet Keep of Menkaure").
             The game lasted 00:06:23 (320 turns).

Groucho the Unseen (Spriggan Enchanter)              Turns: 320, Time: 00:06:24

Health: -2/44      AC:  4    Str:  8    XL:     10   Next: 21%
Magic:  29/29      EV: 24    Int: 17    God:    Dithmenos [*.....]
Gold:   240        SH:  0    Dex: 16    Spells: 26/37 levels left

rFire   . . .      SeeInvis +   a - +1 dagger
rCold   . . .      Faith    .   (no shield)
rNeg    . . .      Spirit   .   b - +0 robe
rPois   .          Reflect  .   j - +0 hat
rElec   .          Harm     .   f - +1 cloak of Okopn {+Inv}
rCorr   .          Rampage  .   (gloves unavailable)
Will    +....      NoTele   +   (boots unavailable)
Stlth   ++++++++..              l - amulet of the acrobat
HPRegen 0.14/turn               k - ring of flight
MPRegen 0.21/turn               (no ring)

@: flying, very slightly contaminated, wreathed by umbra, very quick
A: very small, no large weapons, unfitting armour, see invisible, speed 3
a: Renounce Religion, Evoke Invisibility


You were in the Dungeon.
You worshipped Dithmenos.
Dithmenos was aware of your devotion.
You visited 1 branch You collected 1154 gold pieces.
You spent 914 gold pieces at shops.

Inventory:

Hand Weapons
 a - a +1 dagger (weapon)
Armour
 b - a +0 robe (worn)
 f - the +1 cloak of Okopn (worn) {+Inv}
   (You bought it in a shop in the Dungeon)

   +Inv:      It lets you turn invisible.
 j - a +0 hat (worn)
Jewellery
 k - a ring of flight (left hand)
 l - an amulet of the acrobat (around neck)
Scrolls
 i - a scroll of blinking
 m - a scroll of identify {unknown}
 n - a scroll of poison {unknown}
Potions
 c - a potion of invisibility
 d - a potion of curing
 e - 2 potions of heal wounds
 g - 2 potions of magic
 h - a potion of berserk rage


   Skills:
 - Level 10.0 Short Blades
 + Level 11.6 Dodging
 - Level 17.0 Stealth
 + Level 14.1 Spellcasting
 - Level 14.0 Hexes
 * Level 10.4 Evocations


You had 26 spell levels left.
You knew the following spells:

 Your Spells              Type           Power      Damage    Failure   Level
a - Ensorcelled Hibernat  Hex/Ice        70%        N/A       1%          2
b - Confusing Touch       Hex            56%        N/A       1%          3
c - Dazzling Flash        Conj/Hex       70%        N/A       1%          3
d - Tukima's Dance        Hex            56%        N/A       1%          3

Your spell library contained the following spells:

 Spells                   Type           Power      Damage    Failure   Level


Dungeon Overview and Level Annotations

Branches:
Dungeon (1/1)

Altars:
Cheibriados
Dithmenos
Elyvilon
Fedhas
Gozag
Hepliaklqana
Kikubaaqudgha
Makhleb
Nemelex Xobeh
Okawaru
Qazlal
Ru
Sif Muna
Trog
Uskayaw
Vehumet
Wu Jian
Xom
Yredelemnul
Zin
The Shining One
Jiyva
Lugonu

Shops:
D ??:[(!:[=[!=!==

Annotations:
D exclusion: oklob plant


Innate Abilities, Weirdness & Mutations

You are very small and have problems with some larger weapons.
You are too small for most types of armour.
You have supernaturally acute eyesight. (SInv)
You cover ground extremely quickly. (Speed+++)


Message History

You kill the great orb of eyes!
Dithmenos accepts your kill.
You are shrouded in an aura of darkness!
Your Dodging skill increases to level 11!
Your Evocations skill gained 2 levels and is now at level 9!
You have reached level 10!
You feel clever.
Unknown command.
You now have 139 gold pieces (gained 81).
You flicker for a moment.
m - a scroll labelled DAUGGI ZUUJOUV
There is an open door here.
You reach down and open the door.
An iron elemental comes into view.
You flicker back into view.
Found 101 gold pieces and a scroll labelled ZOISAZ IFES.
There is an open door here.
The walls and floor vibrate strangely for a moment.
You see here 20 gold pieces.
The helpless iron elemental fails to defend itself.
You perforate the iron elemental like a sieve!!!!
You destroy the iron elemental!
Dithmenos accepts your kill.
Training target 14.0 for Hexes reached!
Your Spellcasting skill increases to level 14!
Your Hexes skill increases to level 14!
Your Evocations skill increases to level 10!
Unknown command.
Unknown command.
You now have 220 gold pieces (gained 81).
n - a scroll labelled ZOISAZ IFES You now have 240 gold pieces (gained 20).
There is an open door here.
You reach down and open the door.
An ice dragon comes into view.
The ice dragon roars deafeningly!
The ice dragon breathes frost at you. The blast of cold hits you!!!
Ouch! That really hurt!
You die...

##++## ##≈...### #)≈.....# +++#
####....# ... .. #..'...^#
.##+##..#[.####.#
##...##.####..'.### #..##.#
...#..#...# ####.####..#####@.#
[$? ###'###†##..#?$'^.# ▓[(??$
.##.##.#.#..#)D#..# ▓$$[!$)
#'.<.'###'..####..####▓?))$$=[
.##.##.#.#....###...##▓▓▓▓▓▓▓+
###'###†##......~~~~~~~~~~~~~
##.#.####~~.§...~#'########+###
#..#.†#~~~~§~~..~#._._._..#§~§#
##..†##§~~§§§§~.~#.._._._.#S§≈≈


You could see an ice dragon (catching breath).

Vanquished Creatures
  A deep elf master archer (D)
  A great orb of eyes (D)
  2 boulder beetles (D)
  An iron elemental (D)
  4 neqoxecs (D)
  2 wyverns (D)
  Menkaure (D)
  A water moccasin (D)
  4 necrophages (D)
17 creatures vanquished.

Notes
Turn   | Place    | Note
-------+----------+-------------------------------------------
     0 | D        | Groucho the Spriggan Enchanter began the quest for the Orb.
     0 | D        | Reached XP level 1. HP: 9/9 MP: 5/5
     3 | D        | Noticed a neqoxec
     6 | D        | Noticed a wyvern
     6 | D        | Noticed a wyvern
     9 | D        | Noticed a necrophage
     9 | D        | Noticed a necrophage
     9 | D        | Noticed a necrophage
     9 | D        | Noticed a necrophage
    13 | D        | Killed a necrophage
    14 | D        | Reached skill level 8 in Stealth
    14 | D        | Reached skill level 5 in Hexes
    14 | D        | Reached XP level 2. HP: 13/13 MP: 5/8
    14 | D        | Reached XP level 3. HP: 16/16 MP: 6/10
    18 | D        | Killed a necrophage
    19 | D        | Reached skill level 10 in Stealth
    19 | D        | Reached skill level 5 in Spellcasting
    19 | D        | Reached XP level 4. HP: 21/21 MP: 6/12
    20 | D        | Killed a necrophage
    21 | D        | Reached skill level 5 in Short Blades
    21 | D        | Reached skill level 11 in Stealth
    21 | D        | Reached XP level 5. HP: 24/24 MP: 6/14
    23 | D        | Reached skill level 12 in Stealth
    34 | D        | Killed a neqoxec
    35 | D        | Reached skill level 14 in Stealth
    35 | D        | Reached XP level 6. HP: 28/28 MP: 7/17
    35 | D        | Noticed a neqoxec
    36 | D        | Killed a neqoxec
    37 | D        | Noticed a neqoxec
    37 | D        | Noticed a neqoxec
    39 | D        | Killed a neqoxec
    40 | D        | Reached skill level 15 in Stealth
    40 | D        | Reached XP level 7. HP: 32/32 MP: 7/20
    41 | D        | Killed a neqoxec
    42 | D        | Reached skill level 16 in Stealth
    53 | D        | Killed a wyvern
    56 | D        | Killed a wyvern
    57 | D        | Reached skill level 17 in Stealth
    57 | D        | Reached skill level 10 in Spellcasting
    57 | D        | Reached skill level 10 in Hexes
    57 | D        | Reached XP level 8. HP: 36/36 MP: 8/23
    64 | D        | Noticed a boulder beetle
    64 | D        | Noticed a boulder beetle
    67 | D        | Killed a boulder beetle
    68 | D        | Reached skill level 10 in Short Blades
    70 | D        | Killed a boulder beetle
    71 | D        | Reached XP level 9. HP: 39/39 MP: 9/26
    74 | D        | Found Gyha's Distillery.
    74 | D        | Found Jowoacle's Jewellery Shoppe.
    74 | D        | Found Zuise's Distillery.
    74 | D        | Found Fosch's Jewellery Emporium.
    74 | D        | Found Hole's Jewellery Shoppe.
    74 | D        | Found Ryofum's Armour Shoppe.
    75 | D        | Found Sati's Antique Armour Shoppe.
    75 | D        | Found Jiluig's Book Emporium.
    79 | D        | Learned a level 2 spell: Ensorcelled Hibernation
    83 | D        | Learned a level 3 spell: Confusing Touch
    87 | D        | Learned a level 3 spell: Dazzling Flash
    91 | D        | Learned a level 3 spell: Tukima's Dance
    91 | D        | Found Judoum's Distillery.
    91 | D        | Found Noirac's Jewellery Emporium.
    91 | D        | Found Ream's Antique Weapon Emporium.
    91 | D        | Noticed Menkaure
    91 | D        | Noticed a fire dragon
   111 | D        | Killed Menkaure
   114 | D        | Found Onuerph's Antique Armour Emporium.
   114 | D        | Noticed an oklob plant
   115 | D        | Found Raclymm's Magic Scroll Shoppe.
   115 | D        | Found Asiqabon's Magic Scroll Emporium.
   115 | D        | Found Aggosico's Book Shoppe.
   138 | D        | Bought a brightly glowing cloak for 228 gold pieces
   138 | D        | Identified the +1 cloak of Okopn {+Inv} (You bought it in a
                  | shop in the Dungeon)
   138 | D        | Bought a hat for 96 gold pieces
   174 | D        | Bought a ring of flight for 175 gold pieces
   219 | D        | Bought a potion of heal wounds for 55 gold pieces
   221 | D        | Bought an amulet of the acrobat for 360 gold pieces
   243 | D        | Found a glowing silver altar of Zin.
   248 | D        | Found a glowing golden altar of the Shining One.
   248 | D        | Found a basalt altar of Yredelemnul.
   248 | D        | Found a hide-covered altar of Uskayaw.
   254 | D        | Reached skill level 1 in Evocations
   254 | D        | Found a radiant altar of Vehumet.
   255 | D        | Found a shimmering altar of Xom.
   255 | D        | Found a bloodstained altar of Trog.
   255 | D        | Found a burning altar of Makhleb.
   256 | D        | Found an ornate altar of the Wu Jian Council.
   256 | D        | Found a shimmering blue altar of Sif Muna.
   256 | D        | Found a corrupted altar of Lugonu.
   257 | D        | Found a sacrificial altar of Ru.
   257 | D        | Found an ancient bone altar of Kikubaaqudgha.
   257 | D        | Found a white marble altar of Elyvilon.
   258 | D        | Found a stormy altar of Qazlal.
   258 | D        | Found a viscous altar of Jiyva.
   258 | D        | Found a shadowy altar of Dithmenos.
   259 | D        | Found a hazy altar of Hepliaklqana.
   259 | D        | Found a snail-covered altar of Cheibriados.
   261 | D        | Found a sparkling altar of Nemelex Xobeh.
   261 | D        | Found a blossoming altar of Fedhas.
   262 | D        | Found an opulent altar of Gozag.
   262 | D        | Found an iron altar of Okawaru.
   267 | D        | Became a worshipper of Dithmenos the Shadowed
   286 | D        | Noticed a deep elf master archer
   288 | D        | Killed a deep elf master archer
   289 | D        | Reached skill level 10 in Dodging
   293 | D        | Noticed a great orb of eyes
   295 | D        | Killed a great orb of eyes
   295 | D        | Reached * piety under Dithmenos
   296 | D        | Reached XP level 10. HP: 41/44 MP: 25/28
   306 | D        | Noticed an iron elemental
   309 | D        | Killed an iron elemental
   310 | D        | Reached skill level 10 in Evocations
   320 | D        | Noticed an ice dragon
   320 | D        | Killed from afar by an ice dragon

Illustrated notes

Levels and vault maps discovered:
D:        the_violet_keep_of_menkaure [sprint2_stairs_cluster_1,
          sprint2_shoproom, sprint2_temple, sprint2_basic_supplies,
          sprint2_obstacle_2, sprint2_obstacle_4, sprint2_obstacle_6,
          sprint2_obstacle_7, sprint2_obstacle_3, sprint2_timed_cluster_1,
          sprint2_smallroom_cluster_1, sprint2_smallroom_final_cluster_1,
          sprint2_transparent_cluster_1, sprint2_second_timed_cluster_1,
          sprint2_sniper_area_1, sprint2_heavy_combat_area_1,
          sprint2_mutation_trap_area_1, sprint2_forest_area_1,
          sprint2_light_combat_area_1, sprint2_behind_water_1,
          sprint2_near_end_vault_1]

Skill      XL: |  1  2  3  4  5  6  7  8  9 10 |
---------------+-------------------------------+-----
Short Blades   | 3 4 5 6 7 8 10 | 10.0
Stealth        | 8 10 11 14 15 17 | 17.0
Spellcasting   | 4 5 6 7 8 10 12 13 14 | 14.1
Hexes          | 5 6 8 9 10 12 13 14 | 14.0
Dodging        | 8 11 | 11.6
Evocations     | 9 10 | 10.4

Action                   |  1- 3 |  4- 6 |  7- 9 | 10-12 || total
-------------------------+-------+-------+-------+-------++-------
Melee: Dagger            |     6 |     5 |    21 |     1 ||    33
 Cast: Confusing Touch   |       |       |     2 |       ||     2
 Abil: Evoke Invisibilit |       |       |     1 |       ||     1
  Use: Potion            |     2 |       |       |       ||     2
 Stab: Invisible         |     2 |       |       |       ||     2
       Sleeping          |     1 |     5 |     7 |     1 ||    14
       Confused          |       |       |     2 |       ||     2
Armor: Robe              |     2 |       |       |       ||     2
Dodge: Dodged            |     1 |       |     3 |       ||     4
